cohdb
Replays
Latest Replays
All Replays
Popular Replays
Top Player Replays
Match Explorer
How It Works
Community
CoH3 Stats
Reddit
Sign in to upload your games and track your stats! →
Sign in with Steam
Match 27610002
Unlisted
Match 27610002
Overview
Messages
Build Orders
End
Selects Italian Coastal Battlegroup
Selects Coastal Reserves
Coastal Reserve
Construct Infanterie Kompanie
MG 42 Machine Gun Team
Coastal Reserve
MG 42 Machine Gun Team
Selects Artillery Officer
Artillery Officer
Construct Luftwaffe Kompanie
Support Elements
Wirbelwind Flakpanzer
Medical Bunker
Wirbelwind Flakpanzer
Marder III M Tank Destroyer
Jäger Squad
Selects Designate Defensive Line
Selects Rapid Fortifications
Luftwaffe Officer Quarters
Rapid Fortifications
Repair Bunker
Marder III M Tank Destroyer
Marder III M Tank Destroyer
Selects Obice da 210/22 Artillery Emplacement
Designate Defensive Line
Rapid Fortifications
MG 42 Bunker
Rapid Fortifications
d5h912
erpms948763
HUNK
Sinzoooooo
Maschinen Krieger
HAN
MMMMMMMMMMMM
Chunjang
0
0
Comments
sign in to comment!
No comments posted yet!